 Dungeon Crawl Stone Soup version 0.30-a0-881-g1ff12e1e11 (webtiles) character file.

Game seed: 4285942886665995036

208 gelatine the Chopper (level 5, -1/39 HPs)
             Began as a Demonspawn Gladiator on Mar 14, 2023.
             Slain by an iguana (9 damage)
             ... on level 4 of the Dungeon.
             The game lasted 00:08:06 (2168 turns).

gelatine the Chopper (Demonspawn Gladiator)         Turns: 2168, Time: 00:08:07

Health: -1/39      AC:  6    Str: 17    XL:     5   Next: 55%
Magic:  5/5        EV: 16    Int:  9    God:
Gold:   289        SH:  0    Dex: 14    Spells: 4/4 levels left

rFire   . . .      SeeInvis .    a - +1 war axe (venom)
rCold   . . .      Faith    .    (no shield)
rNeg    . . .      Spirit   .    k - +0 ring mail
rPois   +          Reflect  .    (helmet restricted)
rElec   .          Rampage  .    (no cloak)
rCorr   .                        r - +0 pair of gloves
Will    .....                    (no boots)
Stlth   +                        (no amulet)
HPRegen 0.26/turn                o - ring of poison resistance
MPRegen 0.09/turn                (no ring)

@: agile
A: horns 1, powered by pain 1, demonic magic 1
a: no special abilities


You were on level 4 of the Dungeon.
You visited 1 branch of the dungeon, and saw 4 of its levels.
You also visited: Sewer.

You collected 289 gold pieces.

Inventory:

Hand Weapons
 a - a +1 war axe of venom (weapon)
Missiles
 d - 3 throwing nets
 e - a javelin
 f - 6 boomerangs (quivered)
 h - 5 poisoned darts
Armour
 k - a +0 ring mail (worn)
 l - a +0 chain mail
 q - a +2 helmet
 r - a +0 pair of gloves (worn)
Magical Staves
 x - a staff of poison
Jewellery
 o - a ring of poison resistance (left hand)
Wands
 s - a wand of mindburst (10)
Scrolls
 b - 3 scrolls of fear
 g - a scroll of summoning {unknown}
 j - a scroll of enchant weapon
 m - a scroll of immolation
 n - a scroll of brand weapon
 p - a scroll of poison {unknown}
 v - 2 scrolls of teleportation
 y - a scroll of magic mapping {unknown}
Potions
 c - 2 potions of curing
 i - a potion of mutation {unknown}
 t - a potion of magic {unknown}
 u - a potion of ambrosia {unknown}
 w - a potion of flight {unknown}
 z - a potion of brilliance {unknown}
 A - 2 potions of degeneration {unknown}


   Skills:
 * Level 2.7 Fighting
 * Level 4.4 Axes
 * Level 2.3 Throwing
 * Level 1.7 Armour
 * Level 3.2 Dodging
 + Level 0.1 Stealth


You had 4 spell levels left.
You didn't know any spells.
Your spell library was empty.

Dungeon Overview and Level Annotations

Branches:
Dungeon (3/15)              Sewer (visited)

Altars:

Shops:
D:1 :


Innate Abilities, Weirdness & Mutations

You have a pair of small horns on your head.
You sometimes gain a little power by taking damage.
Spells you cast may paralyse adjacent enemies.


Message History

The goblin misses you.
You slash the goblin!
You kill the goblin!
Things that are here:
a +0 dagger; a goblin corpse
Things that are here:
a +0 dagger; a goblin corpse
Found a robe.
Found a ring mail.
Found an escape hatch in the ceiling.
An iguana comes into view.
Found 9 gold pieces.
A ball python comes into view.
Found 20 gold pieces.
The ball python hisses angrily.
You see here 2 inky potions.
A - 2 inky potions You slash the ball python!
You kill the ball python!
You barely miss the iguana. The iguana bites you!
You hit the iguana but do no damage. The iguana bites you.
You hit the iguana but do no damage.
You headbutt the iguana, but do no damage.
The iguana barely misses you. The iguana bites you!
You focus on the pain.
You feel agile all of a sudden.
You completely miss the iguana.
The iguana hisses menacingly.
The iguana misses you.
You hit the iguana.
The iguana is poisoned.
You headbutt the iguana, but do no damage.
The iguana is lightly wounded.
The iguana bites you.
You hit the iguana. Your headbutt misses the iguana.
The iguana is moderately wounded.
The iguana bites you!
* * * LOW HITPOINT WARNING * * *
You hit the iguana but do no damage.
The iguana looks as sick as possible!
The iguana is heavily wounded.
The iguana bites you!
You die...

...#### ........
##....### ##...........
###....####............
###.....[...........#
####....#.........#
##..##....$....
##..#......# #...#.l.#
#.....@####
#....##.....#
.....#######......
...$# ####.. ...# .##


You could see an iguana (extremely poisoned).

Vanquished Creatures
  Pargi (Sewer)
  Robin (D:2)
  An adder (D:4)
  3 river rats (D:4)
  A worm (D:2)
  7 bats
  An endoplasm (D:1)
  6 giant cockroaches
  12 goblins
  7 hobgoblins
  A jackal (D:2)
  4 kobolds
  10 ball pythons
  5 frilled lizards (D:2)
  7 rats
  A toadstool (D:3)
68 creatures vanquished.

Vanquished Creatures (others)
  6 fungi (D:3)
6 creatures vanquished.

Grand Total: 74 creatures vanquished

Notes
Turn   | Place    | Note
-------+----------+-------------------------------------------
     0 | D:1      | gelatine the Demonspawn Gladiator began the quest for the
                  | Orb.
     0 | D:1      | Reached XP level 1. HP: 16/16 MP: 1/1
   150 | D:1      | Reached skill level 3 in Axes
   181 | D:1      | Gained mutation: You sometimes gain a little power by
                  | taking damage. [demonic ancestry]
   181 | D:1      | Reached XP level 2. HP: 11/22 MP: 2/2
   291 | D:1      | Found Heuclajote's Book Shoppe.
   734 | D:2      | Noticed Robin
   818 | D:2      | Reached XP level 3. HP: 14/27 MP: 3/3
   891 | D:2      | Killed Robin
  1430 | D:2      | Gained mutation: You have a pair of small horns on your
                  | head. [demonic ancestry]
  1430 | D:2      | Reached XP level 4. HP: 33/33 MP: 4/4
  1758 | D:3      | You fall into a shaft and drop 1 floor!
  1774 | D:4      | Reached skill level 1 in Armour
  1780 | D:4      | Found a glowing drain.
  1791 | D:4      | Reached skill level 4 in Axes
  1804 | Sewer    | Entered a sewer
  2012 | Sewer    | Noticed Pargi
  2020 | Sewer    | Killed Pargi
  2021 | Sewer    | Gained mutation: Spells you cast may paralyse adjacent
                  | enemies. [demonic ancestry]
  2021 | Sewer    | Reached XP level 5. HP: 30/39 MP: 5/5
  2168 | D:4      | Slain by an iguana

Illustrated notes

Levels and vault maps discovered:
D:1:      dpeg_arrival_tiny_c, layout_loops_ring, serial_shops,
          nicolae_shop_statue_plus, minmay_tetromino_t4
D:2:      layout_loops_ring, minmay_puff, uniq_robin
D:3:      layout_basic, overflow_temple_1_default, mainiacjoe_overflow_paths,
          nicolae_overflow_crystal_walls, kennysheep_another_room,
          minmay_gold_behind_fungi, hex_medium, minivault_24
D:4:      layout_cave_pods, yredelemnul_altar_generic, vehumet_altar_wand_db,
          gammafunk_temple_overflow_elements, portal_sewer_entry_a

Skill      XL: |  1  2  3  4 |
---------------+-------------+-----
Axes           | 3 4 |  4.4
Dodging        | 3 |  3.2
Throwing       | 2 |  2.3
Armour         | 1 |  1.7
Fighting       | |  2.7
Stealth        | |  0.1

Action                     |  1- 3 |  4- 6 || total
---------------------------+-------+-------++-------
  Melee: War axe           |   113 |    60 ||   173
         Headbutt          |       |    12 ||    12
  Throw: Boomerang         |     2 |       ||     2
    Use: Scroll            |       |     8 ||     8
 Armour: Leather armour    |    13 |       ||    13
         Ring mail         |    51 |    22 ||    73
  Dodge: Dodged            |    86 |    48 ||   134

Table legend: (Time is in decaauts)
 A = Elapsed time spent in this place.
 B = Non-inter-level travel time spent in this place.
 C = Inter-level travel time spent in this place.
 D = Time resting spent in this place.
 E = Time spent auto-exploring this place.
 F = Levels seen in this place.
 G = Mean time per level.
                   A        B        C        D        E       F      G
               +--------+--------+--------+--------+--------+-----+--------+
         Total |   2225 |   2131 |     94 |      0 |   1523 |   5 |  445.0 |
       Dungeon |   1954 |   1860 |     94 |      0 |   1324 |   4 |  488.5 |
         Sewer |    271 |    271 |      0 |      0 |    199 |   1 |  271.0 |
               +--------+--------+--------+--------+--------+-----+--------+

Top non-repeatable levels by time:
     D:1: 889 daAuts
     D:2: 861 daAuts
   Sewer: 271 daAuts
     D:4: 154 daAuts
     D:3: 49 daAuts
